 Dungeon Crawl Stone Soup version 0.27-a0-394-g49c82dfaf2 (webtiles) character file.

Game seed: 3208971741696840520

80607 garrulousMonolith the Severer (level 15, -10/138 HPs)
             Began as a Hill Orc Fighter on Feb 21, 2021.
             Was the Champion of Beogh.
             Mangled by a spriggan rider
             ... wielding a +0 spear
              (16 damage)
             ... on level 1 of the Swamp.
             The game lasted 00:49:14 (30877 turns).

garrulousMonolith the Severer (Hill Orc Fighter)   Turns: 30877, Time: 00:49:14

Health: -10/138    AC: 16    Str: 22    XL:     15   Next: 67%
Magic:  24/25      EV:  7    Int: 12    God:    Beogh [******]
Gold:   323        SH: 13    Dex: 12    Spells: 14/14 levels left

rFire    . . .     SeeInvis .   a - +6 broad axe (flame)
rCold    + . .     Faith    +   k - +0 kite shield
rNeg     + . .     Spirit   .   Q - +0 plate armour {rC+}
rPois    +         Reflect  .   e - +0 helmet
rElec    .         Harm     .   D - +2 cloak {Stlth+}
rCorr    .         Rampage  .   i - +0 pair of gloves
Will     ++...                  d - +0 pair of boots
Stlth    ..........             r - amulet of faith
HPRegen  0.33/turn              X - ring of willpower
MPRegen  0.19/turn              U - ring "Wosirrux" {rPois rN+ Dex+2}

@: corroded
A: walk on water
a: Renounce Religion, Smiting, Recall Orcish Followers, Give Item to Named
Follower, Resurrection


You were on level 1 of the Swamp.
You worshipped Beogh.
Beogh was exalted by your worship.
You visited 5 branches of the dungeon, and saw 25 of its levels.
You visited the Abyss 1 time.

You collected 2024 gold pieces.
You spent 1701 gold pieces at shops.

Inventory:

Hand Weapons
 a - a +6 broad axe of flaming (weapon)
 G - the +1 arbalest of the Inquisitive Tusks {vorpal, rN+ Str+2}
   (You found it on level 10 of the Dungeon)

   Any bolt fired from it inflicts extra damage.
   It affects your strength (+2).
   It protects you from negative energy.
 P - a +0 trident
Missiles
 j - 93 poisoned darts (quivered)
 O - 2 throwing nets
Armour
 d - a +0 pair of boots (worn)
 e - a +0 helmet (worn)
 i - a +0 pair of gloves (worn)
 k - a +0 kite shield (worn)
 D - a +2 cloak of stealth (worn)
 Q - a +0 plate armour of cold resistance (worn)
 T - a +2 plate armour of poison resistance
Jewellery
 r - an amulet of faith (around neck)
 u - a +4 ring of evasion
 z - a +4 ring of protection
 J - a ring of fire
 M - a +4 ring of slaying
 N - a ring of resist corrosion
 U - the ring "Wosirrux" (right hand) {rPois rN+ Dex+2}
   (You bought it in a shop on level 1 of the Orcish Mines)

   [ring of positive energy]

   It affects your dexterity (+2).
   It protects you from poison.
   It protects you from negative energy.
 V - an amulet of reflection
 W - a ring of see invisible
 X - a ring of willpower (left hand)
Wands
 h - a wand of charming (10)
 s - a wand of random effects (49)
 A - a wand of polymorph (3)
 C - a wand of flame (41)
 F - a wand of paralysis (20)
 I - a wand of acid (16)
 R - a wand of mindburst (34)
Scrolls
 b - 8 scrolls of magic mapping
 g - 9 scrolls of teleportation
 l - 4 scrolls of fog
 o - 5 scrolls of enchant armour
 w - 2 scrolls of fear
 y - a scroll of holy word
 B - a scroll of amnesia
 H - a scroll of summoning
 K - a scroll of blinking
Potions
 f - 7 potions of curing
 m - 5 potions of flight
 n - 4 potions of mutation
 p - a potion of haste
 q - 3 potions of magic
 t - 4 potions of attraction
 v - 2 potions of lignification
 x - 4 potions of ambrosia
 E - a potion of berserk rage
 L - 4 potions of brilliance
 S - a potion of resistance


   Skills:
 + Level 14.0 Fighting
 - Level 18.0 Axes
 + Level 13.0 Armour
 + Level 13.0 Shields
 + Level 14.6 Invocations


You had 14 spell levels left.
You didn't know any spells.
Your spell library contained the following spells:

 Spells                   Type           Power        Failure   Level
 Animate Skeleton         Necr           0%           99%         1
 Corona                   Hex            0%           99%         1
 Magic Dart               Conj           0%           99%         1
 Pain                     Necr           0%           99%         1
 Sandblast                Erth           0%           99%         1
 Shock                    Conj/Air       0%           99%         1
 Summon Small Mammal      Summ           0%           99%         1
 Blink                    Tloc           N/A          100%        2
 Call Imp                 Summ           0%           100%        2
 Slow                     Hex            0%           100%        2
 Swiftness                Air            0%           100%        2
 Call Canine Familiar     Summ           0%           100%        3
 Conjure Flame            Conj/Fire      0%           100%        3
 Inner Flame              Hex/Fire       0%           100%        3
 Lesser Beckoning         Tloc           0%           100%        3
 Mephitic Cloud           Conj/Pois/Air  0%           100%        3
 Portal Projectile        Hex/Tloc       0%           100%        3
 Static Discharge         Conj/Air       0%           100%        3
 Summon Guardian Golem    Hex/Summ       0%           100%        3
 Vampiric Draining        Necr           0%           100%        3
 Airstrike                Air            0%           100%        4
 Animate Dead             Necr           0%           100%        4
 Cause Fear               Hex            0%           100%        4
 Leda's Liquefaction      Hex/Erth       0%           100%        4
 Passage of Golubria      Tloc           N/A          100%        4
 Summon Ice Beast         Ice/Summ       0%           100%        4
 Summon Lightning Spire   Summ/Air       0%           100%        4
 Agony                    Necr           0%           100%        5
 Lightning Bolt           Conj/Air       0%           100%        5
 Shatter                  Erth           0%           100%        9


Dungeon Overview and Level Annotations

Branches:
Dungeon (15/15)            Temple (1/1) D:4            Lair (6/6) D:9
  Swamp (1/4) Lair:4        Snake (0/4) Lair:3          Orc (2/2) D:12
    Elf (0/3) Orc:2        Vaults (0/5) D:14         Depths (0/5) D:15
  Slime: Lair:5-6

Altars:
Ashenzari
Cheibriados
Dithmenos
Elyvilon
Fedhas
Gozag
Hepliaklqana
Kikubaaqudgha
Makhleb
Nemelex Xobeh
Okawaru
Qazlal
Ru
Sif Muna
Trog
Uskayaw
Vehumet
Wu Jian
Xom
Yredelemnul
Zin
The Shining One
Beogh
Lugonu

Shops:
D:6 =((?*   D:15 *   Orc:1 *   Orc:2 [*(:

Portals:
Abyss: Lair:6

Annotations:
Lair:2 2 transporters, exclusion: 2 oklob plants, dickylongcocking's ghost, journeyman DsMo
Lair:6 exclusion: oklob plant


Message History

* * * LOW HITPOINT WARNING * * *
Zartorak roars a battlecry!
Zorug goes into a battle-frenzy!
Zorug hits the tyrant leech with a +0 bardiche!!
The tyrant leech dies!
Beogh accepts your kill.
Your orc knight hits the spriggan rider with a +0 long sword!!
The swamp worm fires a harpoon shot at you.
You block the harpoon shot. You block the spriggan rider's attack.
The alligator barely misses you.
The alligator tail-slaps you but does no damage.
The alligator barely misses you.
The alligator tail-slaps you but does no damage.
Okay, then.
You closely miss the spriggan druid. You slash the alligator!
You burn the alligator. You hit the alligator but do no damage.
The goliath frog hits you but does no damage.
Zartorak splashes around in the water.
The spriggan druid calls out to the beasts of the wild!
A tyrant leech comes into view.
Your orc knight closely misses the spriggan rider.
You closely miss the spriggan druid. You closely miss the swamp worm.
You barely miss the alligator. You closely miss the alligator.
The spriggan rider hits you from afar with a +0 spear!
* * * LOW HITPOINT WARNING * * *
You block the alligator's attack. x2; The alligator bites you!
* * * LOW HITPOINT WARNING * * *
You block the alligator's attack.
Zorug splashes around in the water.
The goliath frog closely misses you. The swamp worm closely misses you.
The tyrant leech bites your orc knight!!
The tyrant leech draws strength from your orc knight's injuries!
You block the spriggan druid's attack.
You feel better. The alligator bites you!
* * * LOW HITPOINT WARNING * * *
The alligator tail-slaps you.
* * * LOW HITPOINT WARNING * * *
You block the alligator's attack. x2
Zartorak hits the spriggan druid from afar with a +0 glaive.
The spriggan rider hits you from afar with a +0 spear!
You die...

....... ♣♣.≈♣ ♣.♣.≈.
♣.≈≈..≈≈≈♣ ♣..≈♣ ♣.≈≈≈(
♣.≈≈≈..♣.♣ ♣♣≈≈≈♣ ♣...≈≈
≈........♣♣♣≈.♣.♣ .≈≈.≈≈
≈.≈≈...♣.≈♣♣≈†♣.♣♣♣.≈.≈§
≈≈...≈≈≈≈)♣..w≈≈.♣
.≈≈≈.§≈..†..≈≈♣≈♣♣
≈≈≈≈.≈≈oo§≈≈.≈≈.♣
≈≈≈≈.io@w≈..§>..♣
≈≈≈♣.wittF≈♣≈≈..♣
.≈≈≈...§≈..≈≈≈.♣♣
.≈≈..♣♣♣♣♣≈.§≈.≈. .≈§≈♣
♣.♣♣≈≈≈.♣ .≈.♣ ♣≈♣ ≈.≈.≈
.≈≈ .♣ .≈ ..


You could see 2 alligators, 2 tyrant leeches, a spriggan rider (ally target), a
spriggan druid (ally target), a goliath frog, a swamp worm, a friendly orc
knight (strong), the friendly Zartorak the orc knight (strong) and the friendly
Zorug the orc knight (strong).

Vanquished Creatures
  Donald (Orc:1)
  An orc warlord (Orc:1)
  Josephine (D:15)
  An ettin (Orc:1)
  A great orb of eyes (shapeshifter) (D:15)
  A rakshasa (D:15)
  Erolcha (D:9)
  A boulder beetle (D:14)
  A hydra (D:15)
  A catoblepas (Lair:5)
  5 two-headed ogres
  An ogre mage (D:15)
  2 death yaks (Lair:6)
  An orc high priest (Orc:2)
  Sonja (Lair:5)
  2 spriggans (Swamp:1)
  A goliath frog (Swamp:1)
  4 skeletal warriors (D:14)
  An unseen horror (D:13)
  A glowing orange brain (D:15)
  2 orc knights (Orc:2)
  A deep elf pyromancer (D:13)
  Pikel (D:8)
  A deep elf zephyrmancer (D:14)
  A mana viper (Lair:5)
  6 ugly things
  A manticore (D:15)
  2 black mambas
  A smoke demon (Abyss:1)
  2 gargoyles (D:13)
  A rime drake (Lair:3)
  2 komodo dragons
  8 cane toads
  Psyche (D:8)
  A tengu conjurer (D:15)
  An ancient zyme (Abyss:1)
  5 trolls
  2 tyrant leeches (Swamp:1)
  2 polar bears
  2 hornets
  6 blink frogs
  6 slime creatures
  4 dream sheep (Lair:5)
  2 starcursed masses (Abyss:1)
  29 yaks
  A wyvern (Lair:3)
  4 wraiths (D:15)
  A large abomination (Abyss:1)
  2 small abominations (Abyss:1)
  4 fire bats (Abyss:1)
  9 vampire mosquitoes
  A naga (Lair:3)
  3 wargs
  A swamp worm (Swamp:1)
  2 water moccasins
  2 hornet zombies
  5 ice beasts
  2 sky beasts
  A black bear (shapeshifter) (D:15)
  5 orc warriors
  2 black bears
  3 necrophages
  8 ogres
  6 wolves
  12 centaurs
  3 kobold brigands
  2 phantoms
  17 bullfrogs
  A gnoll sergeant (D:8)
  A wyvern skeleton (D:6)
  5 scorpions
  12 wights
  2 killer bees (D:11)
  A howler monkey (D:10)
  A bullfrog zombie (D:9)
  5 centaur zombies
  5 jellies
  Crazy Yiuf (D:2)
  A gnoll shaman (D:10)
  5 hounds
  5 orc priests
  2 bullfrog skeletons
  8 centaur skeletons
  4 iguanas
  Natasha (thrice) (D:2)
  8 orc wizards
  5 hell rats (Lair:5)
  9 worker ants
  A killer bee zombie (D:9)
  A hound skeleton (D:7)
  Robin (D:2)
  12 gnolls
  19 adders
  2 shadow imps
  3 white imps
  3 ufetubi
  8 worms
  5 adder skeletons
  2 dart slugs
  8 leopard geckos
  19 orcs
  5 giant cockroaches
  18 goblins
  7 hobgoblins
  18 jackals
  15 kobolds
  5 quokkas
  3 ball pythons
  9 bats
  4 frilled lizards
  A leopard gecko zombie (D:6)
  6 rats
474 creatures vanquished.

Vanquished Creatures (collateral kills)
  Agnes (D:15)
  An orc warlord (Orc:1)
  2 slime creatures
  2 boulder beetles
  6 hydras
  2 centaur warriors (D:14)
  4 catoblepae
  4 death yaks (Lair:6)
  4 two-headed ogres
  A tengu warrior (D:12)
  2 orc high priests (Orc:2)
  A skeletal warrior (D:14)
  3 orc sorcerers
  2 orc knights
  A harpy (shapeshifter) (D:15)
  2 ugly things
  A wizard (D:14)
  3 cyclopes
  A deep elf pyromancer (D:14)
  2 oklob plants
  4 manticores
  A centaur zombie (D:14)
  3 black mambas
  4 cane toads
  A centaur skeleton (D:14)
  3 gargoyles
  A kobold demonologist (D:15)
  6 komodo dragons
  A polar bear (Lair:5)
  6 trolls
  A wind drake (shapeshifter) (D:15)
  A hornet (Swamp:1)
  A tyrant leech (Swamp:1)
  A dream sheep (Lair:5)
  4 blink frogs
  2 shadows
  2 wraiths
  5 wyverns
  A yak (shapeshifter) (D:14)
  25 yaks
  A basilisk (Lair:2)
  2 vampire mosquitoes (D:14)
  A warg (Orc:1)
  A soldier ant (D:14)
  An ice beast (D:8)
  3 orc warriors
  8 water moccasins
  3 ogres
  An eye of draining (D:13)
  7 wolves
  6 centaurs
  10 bullfrogs
  A scorpion (D:8)
  2 killer bees (D:11)
  10 wights
  A howler monkey (D:13)
  A quasit (D:11)
  2 hounds (D:11)
  5 orc priests
  2 bullfrog skeletons
  9 orc wizards
  3 worker ants
  2 hell rats (Lair:5)
  A worker ant zombie (D:9)
  2 gnolls (D:10)
  16 orcs
  A kobold (D:12)
  2 plants
222 creatures vanquished.

Vanquished Creatures (others)
  A wizard (D:14)
  An orc sorcerer (D:13)
  A freezing wraith (D:15)
  An eye of draining (D:15)
  10 orc warriors
  11 orc priests
  Ijyb (D:4)
  11 orc wizards
  51 orcs
  A hound skeleton (D:4)
  39 fungi
  A lurking horror (Lair:6)
  43 plants
172 creatures vanquished.

Grand Total: 868 creatures vanquished

Notes
Turn   | Place    | Note
-------+----------+-------------------------------------------
     0 | D:1      | garrulousMonolith the Hill Orc Fighter began the quest for
                  | the Orb.
     0 | D:1      | Reached XP level 1. HP: 19/19 MP: 1/1
    98 | D:1      | Reached skill level 3 in Axes
   100 | D:1      | Reached XP level 2. HP: 27/27 MP: 2/2
   334 | D:1      | Reached XP level 3. HP: 32/33 MP: 3/3
  1227 | D:2      | Reached skill level 4 in Axes
  1241 | D:2      | Reached XP level 4. HP: 40/40 MP: 4/4
  1255 | D:2      | Reached skill level 1 in Invocations
  1482 | D:2      | Reached XP level 5. HP: 47/47 MP: 6/6
  1519 | D:2      | Noticed Natasha
  1530 | D:2      | Killed Natasha
  1562 | D:2      | Noticed Natasha
  1570 | D:2      | Killed Natasha
  1637 | D:2      | Noticed Robin
  1646 | D:2      | Killed Robin
  1647 | D:2      | Reached skill level 5 in Axes
  1816 | D:2      | Noticed Natasha
  1821 | D:2      | Reached XP level 6. HP: 37/53 MP: 7/7
  1829 | D:2      | Killed Natasha
  2062 | D:2      | Found a stormy altar of Qazlal.
  2228 | D:2      | Found a runed translucent door.
  2229 | D:2      | Noticed Crazy Yiuf
  2240 | D:2      | Killed Crazy Yiuf
  2779 | D:3      | Reached skill level 5 in Fighting
  3181 | D:4      | Noticed Ijyb
  3219 | D:4      | Reached skill level 6 in Axes
  3219 | D:4      | Reached XP level 7. HP: 61/61 MP: 9/9
  3240 | D:4      | Found a staircase to the Ecumenical Temple.
  3259 | Temple   | Entered the Ecumenical Temple
  3676 | D:4      | Found a broken altar of Ashenzari.
  3760 | D:4      | Became a worshipper of Beogh the Brigand
  4235 | D:4      | Killed Ijyb
  4779 | D:5      | Entered Level 5 of the Dungeon
  4994 | D:5      | Reached * piety under Beogh
  5220 | D:5      | Reached skill level 5 in Armour
  5225 | D:5      | Reached skill level 7 in Axes
  5272 | D:5      | Reached skill level 5 in Shields
  5425 | D:5      | Reached XP level 8. HP: 59/70 MP: 9/11
  5802 | D:6      | Found Cakhlyph's Jewellery Shop.
  5819 | D:6      | Found Ytimm's Antique Weapon Emporium.
  5825 | D:6      | Found Pittig's Antique Weapon Boutique.
  6123 | D:6      | Reached skill level 8 in Axes
  6291 | D:6      | Found Adwonom's Magic Scroll Shoppe.
  6294 | D:6      | Bought a scroll of magic mapping for 45 gold pieces
  6494 | D:6      | Reached ** piety under Beogh
  6495 | D:6      | Reached skill level 5 in Invocations
  6496 | D:6      | Reached skill level 9 in Axes
  6507 | D:6      | Reached XP level 9. HP: 36/78 MP: 11/13
  6781 | D:6      | Found Xeluihext's Assorted Antiques.
  6784 | D:6      | Bought a scroll labelled CUFIRHEDYKH for 27 gold pieces
  6985 | D:7      | Found a burning altar of Makhleb.
  7513 | D:8      | Reached skill level 10 in Axes
  7561 | D:8      | Noticed Maggie
  7608 | D:8      | Noticed Maggie
  7608 | D:8      | Maggie changed into Maggie the warg
  7614 | D:8      | Killed Maggie the warg
  7899 | D:8      | Reached *** piety under Beogh
  8064 | D:8      | Noticed Psyche
  8185 | D:8      | Reached XP level 10. HP: 53/86 MP: 15/15
  8354 | D:8      | Killed Psyche
  8355 | D:8      | Reached skill level 11 in Axes
  8380 | D:8      | Noticed Pikel
  8391 | D:8      | Killed Pikel
  8507 | D:8      | Noticed Maurice
  8508 | D:8      | Noticed Maurice
  8508 | D:8      | Maurice changed into Maurice the ice beast
  8523 | D:8      | Killed Maurice the ice beast
  8730 | D:9      | You fall into a shaft and drop 1 floor!
  8730 | D:10     | Entered Level 10 of the Dungeon
  8770 | D:9      | Found a staircase to the Lair.
  8789 | D:9      | Identified the Grimoire of Dusty Translocation
  8805 | D:9      | Reached **** piety under Beogh
  8853 | D:9      | Found a sacrificial altar of Ru.
  9549 | D:9      | HP: 2/90 [something (34)]
  9552 | D:9      | Killed Erolcha
  9553 | D:9      | Reached skill level 12 in Axes
 10537 | D:10     | Noticed a manticore
 10546 | D:10     | Killed a manticore
 10547 | D:10     | Reached XP level 11. HP: 84/95 MP: 17/17
 10608 | D:10     | Gained Brunolf as an ally
 11157 | D:10     | Got a steaming arbalest
 11158 | D:10     | Identified the +1 arbalest of the Inquisitive Tusks
                  | {vorpal, rN+ Str+2} (You found it on level 10 of the
                  | Dungeon)
 11246 | D:10     | Noticed a two-headed ogre
 11253 | D:10     | Killed a two-headed ogre
 11254 | D:10     | Reached skill level 13 in Axes
 11263 | D:10     | Noticed a two-headed ogre
 11270 | D:10     | Killed a two-headed ogre
 11467 | D:10     | Reached ***** piety under Beogh
 11714 | D:11     | Noticed a green ugly thing
 11724 | D:11     | Killed a green ugly thing
 11777 | D:11     | Noticed a two-headed ogre
 11782 | D:11     | Killed a two-headed ogre
 11917 | D:11     | Noticed a cyclops
 11926 | D:11     | Killed a cyclops
 12598 | Lair:1   | Entered Level 1 of the Lair of Beasts
 12826 | Lair:1   | Reached skill level 14 in Axes
 13001 | Lair:1   | Reached XP level 12. HP: 82/106 MP: 19/19
 13113 | Lair:1   | Reached skill level 10 in Fighting
 13289 | Lair:1   | Noticed a seven-headed hydra
 13295 | Lair:1   | Killed a seven-headed hydra
 13296 | Lair:1   | Reached skill level 10 in Invocations
 13607 | Lair:1   | You fall into a shaft and drop 1 floor!
 14124 | Lair:2   | Found a transporter.
 14124 | Lair:2   | Noticed dickylongcocking's ghost (journeyman DsMo)
 14127 | Lair:2   | Found a transporter.
 14136 | Lair:2   | Gained Bogwald as an ally
 14957 | Lair:2   | Noticed a boulder beetle
 14988 | Lair:2   | Killed a boulder beetle
 15594 | Lair:3   | Reached skill level 15 in Axes
 15816 | Lair:3   | Found a staircase to the Snake Pit.
 16641 | Lair:4   | Found a staircase to the Swamp.
 16662 | Lair:4   | Reached skill level 10 in Shields
 16663 | Lair:4   | Reached ****** piety under Beogh
 16664 | Lair:4   | Reached skill level 10 in Armour
 16861 | Lair:4   | Noticed a six-headed hydra
 16865 | Lair:4   | Killed a seven-headed hydra
 17456 | Lair:4   | Reached XP level 13. HP: 116/116 MP: 21/21
 17583 | Lair:5   | Noticed Sonja
 17598 | Lair:5   | Cast into level 1 of the Abyss (Sonja)
 17835 | Abyss:1  | Noticed a starcursed mass
 17879 | Lair:5   | Escaped the Abyss
 17881 | Lair:5   | Killed Sonja
 17885 | Lair:5   | Reached skill level 16 in Axes
 19214 | Lair:6   | Entered Level 6 of the Lair of Beasts
 19225 | Lair:5   | Gained Zorug as an ally
 19364 | Lair:6   | Found a one-way gate to the infinite horrors of the Abyss.
 19365 | Lair:6   | Found a corrupted altar of Lugonu.
 20432 | Lair:6   | Reached skill level 17 in Axes
 20450 | Lair:6   | Reached XP level 14. HP: 84/126 MP: 23/23
 20708 | Lair:6   | Found a basalt altar of Yredelemnul.
 21697 | D:12     | Found a broken altar of Ashenzari.
 21832 | D:12     | Found a staircase to the Orcish Mines.
 22462 | Orc:1    | Entered Level 1 of the Orcish Mines
 22493 | Orc:1    | Noticed an orc warlord
 22502 | Orc:1    | Killed an orc warlord
 22810 | Orc:2    | Entered Level 2 of the Orcish Mines
 22818 | Orc:2    | Paralysed by an orc sorcerer for 3 turns
 22840 | Orc:2    | Gained Zartorak as an ally
 23008 | Orc:2    | Found a staircase to the Elven Halls.
 23174 | Orc:2    | Gained Bogric as an ally
 23205 | Orc:1    | Found Qeeh's General Store.
 23353 | Orc:1    | Bought the ring "Wosirrux" {rPois rN+ Dex+2} for 460 gold
                  | pieces
 23383 | Orc:1    | Found a runed translucent door.
 23804 | Orc:1    | Found a roughly hewn altar of Beogh.
 24203 | Orc:2    | Found a roughly hewn altar of Beogh.
 24456 | Orc:2    | Noticed an orc warlord
 24461 | Orc:2    | Noticed Donald
 24873 | Orc:2    | Paralysed by an orc sorcerer for 3 turns
 25092 | Orc:2    | HP: 4/125 [orc warrior/+0 war axe (29)]
 25098 | Orc:1    | Killed Donald
 25536 | Orc:1    | Killed an orc warlord
 25833 | Orc:2    | Found Utadwat's Antique Armour Emporium.
 25834 | Orc:2    | Found Isen's Antique Weapon Emporium.
 25836 | Orc:2    | Found Vyolann's General Store.
 25836 | Orc:2    | Found Luehaipuy's Book Shoppe.
 25853 | Orc:2    | Bought a scroll of teleportation for 39 gold pieces
 26045 | Orc:2    | Bought a shiny plate armour for 780 gold pieces
 26442 | D:13     | Reached skill level 18 in Axes
 26477 | D:13     | Gained Bogmar as an ally
 26603 | D:13     | Gained Zartorak as an ally
 27319 | D:14     | You fall into a shaft and drop 1 floor!
 27319 | D:15     | Entered Level 15 of the Dungeon
 27450 | D:14     | Gained Koronagh as an ally
 27466 | D:14     | Reached XP level 15. HP: 118/135 MP: 25/25
 27550 | D:14     | Found a gate to the Vaults.
 27630 | D:14     | Found a glowing silver altar of Zin.
 27630 | D:14     | Noticed an angel
 28771 | D:15     | Noticed Josephine
 28782 | D:15     | Killed Josephine
 29361 | D:15     | Found an opulent altar of Gozag.
 29477 | D:15     | Noticed Agnes
 29485 | D:15     | Killed Agnes
 29495 | D:15     | Found a staircase to the Depths.
 30050 | D:15     | Found Moefont's Demolitions Depot.
 30444 | Swamp:1  | Entered Level 1 of the Swamp
 30635 | D:6      | Bought a ring of willpower for 350 gold pieces
 30877 | Swamp:1  | HP: 6/138 [alligator[a spriggan druid] (3)]
 30877 | Swamp:1  | Mangled by a spriggan rider

Illustrated notes

Levels and vault maps discovered:
D:1:      dpeg_arrival_shelter, layout_basic, hangedman_decor_opposing
D:2:      minmay_spotlight, layout_loops_ring, grunt_qazlal_clouds,
          uniq_natasha, uniq_robin, uniq_crazy_yiuf_cottage
D:3:      layout_loops_ring
D:4:      layout_layer_cave, ashenzari_altar_1, minmay_temple_entry_junction,
          uniq_ijyb
D:5:      layout_layer_cave, cheibrodos_sewer_entry_bend,
          palyth_stone_intersect, chequers_serial_rivers_micro_a,
          minmay_misc_feat_cross, minmay_misc_feat_rugged, st_stairs_4
D:6:      layout_gridville, serial_shops, nicolae_shop_crystal,
          kennysheep_mini_moat, shop, nicolae_shop_behind_doors,
          nicolae_shop_stone, chequers_serial_rivers_room_b, centaur_isle
D:7:      layout_rooms, makhleb_blood_cavern_becter
D:8:      layout_rooms, uniq_maggie, uniq_maurice, uniq_pikel, uniq_psyche
D:9:      layout_stronghold, lair_entry_dummy, basic_altar, uniq_erolcha
D:10:     layout_gridville, minivault_1
D:11:     layout_irregular_city
D:12:     layout_cave_pools, orc_0_dummy, basic_altar
D:13:     layout_cave_pools
D:14:     layout_basic, david_vaults_1, zin_angel
D:15:     gammafunk_enter_depths_forms, layout_basic, nicolae_blasting_shop,
          lemuel_statue_altar, uniq_agnes, uniq_josephine
Temple:   regret_index_temple_sigil_plot
Lair:1:   layout_gridlike, beast_lair_carwin_11
Lair:2:   layout_gridlike, gammafunk_ghost_hive, nzn_sisyphean_effort,
          minmay_lair_oklob_chamber, serial_bayou_shore_b
Lair:3:   layout_cave_pods, guppyfry_snake_entry_island
Lair:4:   layout_layer_cave, swamp_mist_pool, grunt_megastairs_1
Lair:5:   layout_regular_city, infiniplex_staircase_pool_2, uniq_sonja
Lair:6:   evilmike_catoblepas_cave, layout_misc_corridors,
          minmay_slime_entry_oklob_enclosed, basic_altar,
          grunt_forest_small_clearings, chequers_serial_rivers_large_a,
          amcnicky_altar_lugonu_corruption
Swamp:1:  layout_falls_marsh, nicolae_swamp_triple_paths
Orc:1:    layout_caves, serial_shops, shop_statue, lightli_church_of_beogh
Orc:2:    st_orc_congregation, layout_caves, amcnicky_altar_gilded, uniq_donald

Skill      XL: |  1  2  3  4  5  6  7  8  9 10 11 12 13 14 15 |
---------------+----------------------------------------------+-----
Axes           | 3 4 5 6 7 9 10 12 14 15 17 18 | 18.0
Fighting       | 4 5 6 7 8 9 11 12 13 14 | 14.0
Invocations    | 1 2 4 5 6 8 9 11 12 13 14 | 14.6
Shields        | 4 5 6 8 9 10 11 12 13 | 13.0
Armour         | 4 5 6 8 9 10 11 12 13 | 13.0

Action                   |  1- 3 |  4- 6 |  7- 9 | 10-12 | 13-15 || total
-------------------------+-------+-------+-------+-------+-------++-------
Melee: War axe           |   103 |   253 |   409 |   530 |       ||  1295
       Unarmed           |       |       |     6 |       |       ||     6
       Broad axe         |       |       |       |     5 |   678 ||   683
       Morningstar       |       |       |       |     4 |       ||     4
Throw: Dart              |       |       |       |       |     5 ||     5
Invok: Convert to Beogh  |       |       |     1 |       |       ||     1
       Smiting           |       |       |       |     4 |     8 ||    12
       Recall Orcish Fol |       |       |       |     5 |     8 ||    13
       Give Item to Name |       |       |       |     1 |     5 ||     6
       Stop Recall       |       |       |       |       |     5 ||     5
Evoke: Wand              |       |       |     5 |     5 |     1 ||    11
  Use: Potion            |       |     2 |     5 |     3 |     6 ||    16
       Scroll            |       |    10 |     9 |    14 |    11 ||    44
 Stab: Confused          |       |       |       |     2 |       ||     2
       Distracted        |       |       |       |     4 |     4 ||     8
       Petrified         |       |       |       |       |     2 ||     2
       Paralysed         |       |       |       |       |     1 ||     1
Armor: Scale mail        |    51 |   105 |    55 |       |       ||   211
       Chain mail        |       |       |   183 |   238 |   170 ||   591
       Plate armour      |       |       |       |       |   139 ||   139
Dodge: Dodged            |    32 |    69 |   241 |   220 |   138 ||   700
Block: Kite shield       |    63 |   203 |   301 |   325 |   357 ||  1249

Table legend: (Time is in decaauts)
 A = Elapsed time spent in this place.
 B = Non-inter-level travel time spent in this place.
 C = Inter-level travel time spent in this place.
 D = Time resting spent in this place.
 E = Time spent auto-exploring this place.
 F = Levels seen in this place.
 G = Mean time per level.
                   A        B        C        D        E       F      G
               +--------+--------+--------+--------+--------+-----+--------+
         Total |  31093 |  29593 |   1500 |   4619 |  19411 |  26 | 1195.9 |
       Dungeon |  18078 |  17185 |    893 |   2167 |  11457 |  15 | 1205.2 |
        Temple |    293 |    288 |      5 |      0 |    288 |   1 |  293.0 |
          Lair |   8967 |   8442 |    525 |   1037 |   6289 |   6 | 1494.5 |
         Swamp |     96 |     95 |      1 |      0 |     37 |   1 |   96.0 |
  Orcish Mines |   3377 |   3302 |     75 |   1290 |   1285 |   2 | 1688.5 |
         Abyss |    280 |    280 |      0 |    124 |     55 |   1 |  280.0 |
               +--------+--------+--------+--------+--------+-----+--------+

Top non-repeatable levels by time:
  Lair:6: 2010 daAuts
   Orc:1: 1990 daAuts
     D:9: 1899 daAuts
    D:15: 1822 daAuts
  Lair:5: 1557 daAuts
  Lair:1: 1473 daAuts
     D:2: 1447 daAuts
  Lair:2: 1419 daAuts
   Orc:2: 1387 daAuts
     D:4: 1330 daAuts
    D:14: 1308 daAuts
    D:10: 1283 daAuts
  Lair:3: 1268 daAuts
  Lair:4: 1238 daAuts
     D:6: 1192 daAuts
